 Dungeon Crawl Stone Soup version 0.31.0-32-g396128a36d (webtiles) character file.

Game seed: 614235875305622060

40 imdaedric the Covered (level 3, -3/33 HPs)
             Began as a Minotaur Fighter on Apr 7, 2024.
             Slain by Sigmund
             ... wielding a +2 scythe of distortion
              (6 damage)
             ... on level 2 of the Dungeon.
             The game lasted 00:02:35 (912 turns).

imdaedric the Covered (Minotaur Fighter)             Turns: 912, Time: 00:02:35

Health: -3/33      AC:  7    Str: 28    XL:     3   Next: 30%
Magic:  2/2        EV:  9    Int:  5    God:
Gold:   121        SH:  4    Dex:  9    Spells: 2/2 levels left

rFire   . . .        a - +0 war axe
rCold   . . .        c - +0 buckler
rNeg    . . .        b - +0 scale mail
rPois   .            (helmet restricted)
rElec   .            (no cloak)
rCorr   .            (no gloves)
SInv    .            (no boots)
Will    +....        (no amulet) Stlth
                     l - +6 ring of strength
HPRegen 0.25/turn    (no ring)
MPRegen 0.08/turn

%: no passive effects
@: mighty, enlightened, flying
A: horns 2, retaliatory headbutt
a: no special abilities


You were on level 2 of the Dungeon.
You visited 1 branch of the dungeon, and saw 2 of its levels.

You collected 121 gold pieces.

Inventory:

Hand Weapons
 a - a +0 war axe (weapon)
 h - a +0 spear of freezing
Armour
 b - a +0 scale mail (worn)
 c - a +0 buckler (worn)
Jewellery
 l - a +6 ring of strength (left hand)
Scrolls
 e - 2 scrolls of blinking {unknown}
 i - a scroll of poison {unknown}
 k - 3 scrolls of immolation {unknown}
Potions
 d - a potion of might


   Skills:
 * Level 4.1 Fighting
 * Level 2.8 Axes
 * Level 4.2 Armour
 * Level 4.1 Shields


You had 2 spell levels left.
You didn't know any spells.
Your spell library contained the following spells:

 Spells                   Type           Power      Damage    Failure   Level
 Sting                    Conj/Alch      0%         1d3       78%         1
 Ensorcelled Hibernation  Hex/Ice        0%         N/A       89%         2
 Mercury Vapours          Alch/Air       0%         N/A       89%         2
 Passwall                 Erth           0%         N/A       98%         3
 Swiftness                Air            0%         N/A       98%         3
 Olgreb's Toxic Radiance  Alch           0%         N/A       100%        4


Dungeon Overview and Level Annotations

Branches:
Dungeon (2/15)

Altars:

Annotations:
D:2 Sigmund


Innate Abilities, Weirdness & Mutations

You have a pair of horns on your head.
You reflexively headbutt those who attack you in melee.


Message History

You slash the ribbon worm! You headbutt the ribbon worm.
The ribbon worm is almost dead.
The ribbon worm expels a string of sticky webbing.
The stream of webbing hits you but does no damage.
You are caught in a web!
You are caught in a web!
You are caught in a web!
You are caught in a web!
You are caught in a web!
The web tears apart.
The ribbon worm barely misses you.
You slash the ribbon worm!
You kill the ribbon worm!
Sigmund the Dreaded comes into view.
He is wielding a +2 scythe of distortion.
Found a runed orb and a granite ring.
Found an escape hatch in the ceiling.
Sigmund shouts!
Sorry, you're not good enough to have a special ability.
You feel very mighty all of a sudden. Sigmund hits you but does no damage.
Space warps horribly around you!
It was a potion of enlightenment.
You feel very buoyant.
You fly up into the air.
Sigmund hits you with a +2 scythe of distortion!
* * * LOW HITPOINT WARNING * * *
You blink.
Found a blue potion.
Sigmund barely misses you.
You slice Sigmund!! Your headbutt misses Sigmund.
Sigmund is almost dead.
Sigmund hits you with a +2 scythe of distortion!
* * * LOW HITPOINT WARNING * * *
You blink.
As you read the scroll labelled WAENIDUESH, it dissolves into smoke.
It was a scroll of fog.
Sigmund barely misses you.
As you read the scroll labelled MULORY KEALL, it crumbles to dust.
You hear a loud clanging noise!
It was a scroll of noise.
You hear a shout!
You hear an angry hiss.
You hear a shout!
Sigmund hits you from afar with a +2 scythe of distortion.
You die...
Sigmund begins carving another notch in his scythe.

..........# .# #......##...
..........# .# #........#..
..........##.######.....+..
....[..........# ##....#..
..........#.##.## #....#..
.######.........# #....#.†
#..@§###..# #....#.† #.§§§#
#.(####....#.. #.§§@#
#.......####.. #..§§§#
#.......# ###. #..§§§#
#.......##.... #.=....
##..........#. #.......
#..........#.
#.......##......... #.
#...#### #..>...... #. ....
#......#. ... #.###########


You could see Sigmund.

Vanquished Creatures
  A gnoll (D:1)
  A ribbon worm (D:2)
  2 dart slugs (D:1)
  A ball python (D:2)
  3 giant cockroaches
  3 goblins (D:1)
  4 hobgoblins (D:1)
  A kobold (D:1)
  A bat (D:1)
  2 frilled lizards
  4 rats (D:1)
23 creatures vanquished.

Notes
Turn   | Place    | Note
-------+----------+-------------------------------------------
     0 | D:1      | imdaedric the Minotaur Fighter began the quest for the Orb.
     0 | D:1      | Reached XP level 1. HP: 19/19 MP: 0/0
   172 | D:1      | Reached XP level 2. HP: 22/23 MP: 1/1
   607 | D:1      | Reached XP level 3. HP: 31/33 MP: 2/2
   903 | D:2      | Noticed Sigmund
   912 | D:2      | Slain by Sigmund

Illustrated notes

Levels and vault maps discovered:
D:1:      eino_arrival_cavern_b, layout_loops_cross, grunt_decor_cap
D:2:      layout_basic, nrook_loot_triangle, uniq_sigmund

Skill      XL: |  1  2 |
---------------+-------+-----
Fighting       | 4 |  4.1
Armour         | 4 |  4.2
Shields        | 4 |  4.1
Axes           | |  2.8

Action                     || total
---------------------------++-------
  Melee: War axe           ||    39
         Headbutt          ||     8
    Use: Scroll            ||     2
         Potion            ||     2
 Armour: Scale mail        ||    30
  Dodge: Dodged            ||    17
  Block: Buckler           ||     4
